 Seeded DCSS version 0.30-a0-52-g86a8295270 (webtiles) character file.

Game seed: 7059106317816433678 (custom seed)

35 MrFrogsmire the Covered (level 3, -4/27 HPs)
             Began as a Meteoran Wanderer on Sept 7, 2022.
             Slain by a gnoll
             ... wielding a +0 halberd
              (5 damage)
             ... on level 2 of the Dungeon.
             The game lasted 00:01:41 (157 turns).

MrFrogsmire the Covered (Meteoran Wanderer)          Turns: 157, Time: 00:01:41

Health: -4/27      AC: 10    Str: 19    XL:     3   Next: 79%
Magic:  6/6        EV:  7    Int:  9    God:
Gold:   0          SH:  0    Dex: 14    Spells: 4/4 levels left

rFire   . . .      SeeInvis .    e - +0 dagger
rCold   . . .      Faith    .    (no shield)
rNeg    . . .      Spirit   .    b - +0 chain mail
rPois   .          Reflect  .    (no helmet)
rElec   .          Harm     .    (no cloak)
rCorr   .          Rampage  .    (no gloves)
Will    .....                    (no boots)
Stlth   ..........               (no amulet)
HPRegen 0.09/turn                (no ring)
MPRegen 0.10/turn                (no ring)

@: glowing
A: sense surroundings 1, otherworldly, glowing, explore regen
a: no special abilities


You were on level 2 of the Dungeon.
You visited 1 branch of the dungeon, and saw 2 of its levels.

Inventory:

Hand Weapons
 a - a +0 sling
 e - a +0 dagger (weapon)
Armour
 b - a +0 chain mail (worn)
Potions
 c - a potion of curing
 d - 2 potions of attraction
 f - a potion of ambrosia {unknown}
 g - a potion of flight {unknown}


   Skills:
 + Level 0.3 Fighting
 + Level 4.2 Ranged Weapons
 + Level 6.4 Armour
 + Level 1.0 Stealth
 + Level 1.3 Spellcasting


You had 4 spell levels left.
You didn't know any spells.
Your spell library was empty.

Dungeon Overview and Level Annotations

Branches:
Dungeon (2/15) Zot: 1019

Altars:


Innate Abilities, Weirdness & Mutations

You passively map a small area around you.
You are easily found by Zot.
You glow in the dark.
You regain HP and MP as you explore.


Message History

You see here a throwing net.
You are too injured to fight recklessly!
You are too injured to fight recklessly!
You shoot a sling bullet.
The sling bullet barely misses the gnoll.
The sling bullet hits the endoplasm.
You kill the endoplasm!
The gnoll hits you from afar with a +0 halberd. x2
You are too injured to fight recklessly!
You are too injured to fight recklessly!
You are too injured to fight recklessly!
You are too injured to fight recklessly!
You are too injured to fight recklessly!
You are too injured to fight recklessly!
You are too injured to fight recklessly!
You are too injured to fight recklessly!
The gnoll hits you but does no damage.
Really attack while wielding your +0 sling? [Y]es or [N]o only, please.
Really attack while wielding your +0 sling? [Y]es or [N]o only, please.
Really attack while wielding your +0 sling? [Y]es or [N]o only, please.
Really attack while wielding your +0 sling? [Y]es or [N]o only, please.
Really attack while wielding your +0 sling? [Y]es or [N]o only, please.
Really attack while wielding your +0 sling? [Y]es or [N]o only, please.
Really attack while wielding your +0 sling?
Okay, then.
e - a +0 dagger (weapon)
You hit the gnoll but do no damage.
The gnoll is moderately wounded.
The gnoll hits you with a +0 halberd!
* * * LOW HITPOINT WARNING * * *
You barely miss the gnoll.
The gnoll is moderately wounded.
The gnoll hits you with a +0 halberd.
You die...

#.#.# ####.#
#.#.# .# #.#.#
.# #.#.# ,
#######.#.# *
#.........#
#.#####.### #
#.#* * #.* #@#
,, ,, #. #g#
** ##.#* #g# ,
##...## #.# *
,
,###.>...###.#
...)....(...#*
###.....#####
* * ##....# ,*
, ##.#.# *


You could see 2 gnolls.

Vanquished Creatures
  A gnoll (D:2)
  2 adders (D:2)
  An endoplasm (D:2)
  2 giant cockroaches (D:2)
  A hobgoblin (D:2)
  A kobold (D:1)
  A rat (D:2)
9 creatures vanquished.

Notes
Turn   | Place    | Note
-------+----------+-------------------------------------------
     0 | D:1      | MrFrogsmire the Meteoran Wanderer began the quest for the
                  | Orb.
     0 | D:1      | MrFrogsmire set off with the following items: a +0 sling, a
                  | +0 chain mail, a potion of curing, a potion of attraction.
     0 | D:1      | Reached XP level 1. HP: 14/14 MP: 3/3
    44 | D:2      | Reached XP level 2. HP: 18/20 MP: 5/5
    81 | D:2      | Reached XP level 3. HP: 23/26 MP: 6/6
   156 | D:2      | HP: 1/27 [gnoll/+0 halberd (8)]
   157 | D:2      | Slain by a gnoll

Illustrated notes

Levels and vault maps discovered:
D:1:      dpeg_arrival_houses_and_road, layout_basic
D:2:      layout_loops_ring, basic_ecumenical_altar, basic_altar,
          minmay_three_crescents

Skill      XL: |  1  2 |
---------------+-------+-----
Ranged Weapons | 4 |  4.2
Fighting       | |  0.3
Armour         | |  6.4
Stealth        | |  1.0
Spellcasting   | |  1.3

Action                   || total
-------------------------++-------
Melee: Dagger            ||     2
 Fire: Sling             ||    42
Armor: Chain mail        ||    24
Dodge: Dodged            ||    15

Table legend: (Time is in decaauts)
 A = Elapsed time spent in this place.
 B = Non-inter-level travel time spent in this place.
 C = Inter-level travel time spent in this place.
 D = Time resting spent in this place.
 E = Time spent auto-exploring this place.
 F = Levels seen in this place.
 G = Mean time per level.
                   A        B        C        D        E       F      G
               +--------+--------+--------+--------+--------+-----+--------+
         Total |    180 |     92 |     88 |      0 |      0 |   2 |   90.0 |
       Dungeon |    180 |     92 |     88 |      0 |      0 |   2 |   90.0 |
               +--------+--------+--------+--------+--------+-----+--------+

Top non-repeatable levels by time:
     D:2: 138 daAuts
     D:1: 41 daAuts
